 Dungeon Sprint DCSS version 0.26-a0-651-gb41185065b (webtiles) character file.

Game seed: 11024075260429469999

66861 mhtbhm the Wrestler (level 14, -29/150 HPs)
             Began as a Troll Berserker on Sept 30, 2020.
             Was the Champion of Trog.
             Annihilated by Jory
             ... wielding a +0 vampiric great sword
              (32 damage)
             ... in the Dungeon (Sprint IX: "|||||||||||||||||||||||||||||").
             The game lasted 00:11:42 (2960 turns).

mhtbhm the Wrestler (Troll Berserker)               Turns: 2960, Time: 00:11:43

Health: -29/150    AC: 21    Str: 38    XL:     14   Next: 80%
Magic:  13/13      EV: 14    Int:  3    God:    Trog [******]
Gold:   81         SH:  0    Dex:  9    Spells: 13/13 levels left

rFire    . . .     SeeInvis .     - Unarmed
rCold    + + .     Faith    .   (no shield)
rNeg     . . .     Spirit   .   b - +1 ice dragon scales
rPois    .         Reflect  .   (helmet restricted)
rElec    .         Harm     .   x - +1 cloak
rCorr    .         Rampage  .   (gloves unavailable)
MR       +....     NoTele   +   (boots unavailable)
Stlth    +.........             o - amulet of regeneration
HPRegen  1.15/turn              s - +6 ring of strength
MPRegen  0.13/turn              w - ring of protection from fire

@: mesmerised
A: large, unfitting armour, claws 3, regeneration 1, shaggy fur 1, tough skin 3
a: Berserk, Trog's Hand, Brothers in Arms, Renounce Religion


You were in the Dungeon.
You worshipped Trog.
Trog was exalted by your worship.
You visited 1 branch You collected 1926 gold pieces.
You spent 1845 gold pieces at shops.

Inventory:

Hand Weapons
 a - a +3 antimagic giant spiked club
 r - a +4 vorpal giant spiked club
 C - the +10 dire flail of Wondrous Power {flame, MR++}
   (Trog gifted it to you in the Dungeon)

   It has been specially enchanted to burn those struck by it, causing extra
   injury to most foes and up to half again as much damage against particularly
   susceptible opponents.
   It affects your resistance to hostile enchantments.
Missiles
 h - 18 large rocks (quivered)
 q - 7 curare-tipped darts
Armour
 b - +1 ice dragon scales (worn)
 v - the +2 shield of Resistance {rF++ rC++ MR++}
   (You found it in the Dungeon)

   It greatly protects you from fire.
   It greatly protects you from cold.
   It affects your resistance to hostile enchantments.
 x - a +1 cloak (worn)
Jewellery
 k - a +2 ring of evasion
 o - an amulet of regeneration (around neck)
 s - a +6 ring of strength (left claw)
 u - an uncursed ring of see invisible
 w - a ring of protection from fire (right claw)
Wands
 j - a wand of iceblast (10)
Scrolls
 g - 3 scrolls of blinking
 i - 7 scrolls of remove curse
 m - a scroll of identify
 y - 2 scrolls of fog
 B - 2 scrolls of enchant weapon
Potions
 c - 8 potions of heal wounds
 d - a potion of haste
 e - 4 potions of magic
 f - a potion of berserk rage
 n - a potion of cancellation
 p - a potion of lignification {unknown}
 z - a potion of might
 A - 9 potions of curing
Miscellaneous
 l - a lightning rod (4/4)
 t - a condenser vane (2/2)


   Skills:
 + Level 12.9 Fighting
 * Level 11.6 Maces & Flails
 + Level 6.8 Throwing
 + Level 12.0 Armour
 + Level 13.5 Dodging
 + Level 5.9 Stealth
 - Level 25.4 Unarmed Combat
 + Level 8.6 Evocations


You had 13 spell levels left.
You didn't know any spells.
Your spell library was empty.

Dungeon Overview and Level Annotations

Branches:
Dungeon (1/1)

Altars:
Cheibriados
Dithmenos
Elyvilon
Fedhas
Gozag
Hepliaklqana
Kikubaaqudgha
Makhleb
Nemelex Xobeh
Okawaru
Qazlal
Ru
Sif Muna
Trog
Uskayaw
Vehumet
Wu Jian
Xom
Yredelemnul
Zin
The Shining One
Beogh
Jiyva
Lugonu

Shops:
D }=:=

Annotations:
D Jory


Innate Abilities, Weirdness & Mutations

You are too large for most types of armour.
You have claws for hands.
Your natural rate of healing is unusually fast.
You are covered in fur. (AC +1)
You have extremely tough skin. (AC +3)


Message History

Jory gestures at you while chanting. The crystal spear hits you!!!
You mangle Jory!!
Jory is moderately damaged.
You eviscerate Jory!!!
Jory is heavily damaged.
Jory is infused with unholy energy.
Jory draws life force from you and is healed!
You barely miss Jory. Your claw misses Jory.
Jory is moderately damaged.
You mangle Jory!!
Jory is heavily damaged.
Jory gestures at you while chanting. The crystal spear hits you!!!!
Ouch! That really hurt!
* * * LOW HITPOINT WARNING * * *
You scratch Jory but do no damage.
Jory is heavily damaged.
Jory hits you with a +0 vampiric great sword!!
You die...

▓.▓)▓.♣.♣.▓)▓.▓)▓.
▓.▓.▓.♣.♣.▓)▓.▓)▓.
▓.▓)▓.♣.♣.▓)▓.▓)▓.
▓.▓)▓.♣.♣.▓)▓.▓)▓.
▓.▓)▓.♣.♣.▓)▓.▓)▓.
▓.▓)▓.♣)♣.▓)▓.▓)▓.
▓.▓(▓.♣)♣.▓)▓.▓)▓.
▓C▓.▓.♣†♣.▓)▓.▓)▓.
▓@▓.▓.▓†▓.▓.▓.▓.▓.
▓V▓(▓.▓.▓.▓.▓.▓)▓.
▓.▓.▓.▓.▓.▓.▓.▓)▓.
▓.▓.▓.▓.▓.▓.▓.▓.▓)
▓.▓(▓.▓.▓.▓=▓.▓.▓.
▓.▓.▓.▓.▓.▓'▓.▓.▓.
▓.▓.▓.▓.▓.▓.▓.▓.▓.
▓.▓.▓.▓.▓.▓.▓.▓.▓.
▓†▓)▓.▓.▓.▓.▓.▓.


You could see Jory (mesmerising) and a friendly stone giant (summoned, berserk).

Vanquished Creatures
  Frances (D)
  A storm dragon (D)
  A nagaraja (D)
  A fire giant (D)
  2 vault wardens (D)
  A frost giant (D)
  Aizul (D)
  A ghost moth (D)
  An ironheart preserver (D)
  2 very ugly things (D)
  An entropy weaver (D)
  3 stone giants (D)
  A great orb of eyes (D)
  6 yaktaur captains (D)
  2 fire dragons (D)
  3 ice dragons (D)
  2 rakshasas (D)
  Erolcha (D)
  An anaconda (D)
  A death knight (D)
  An alligator snapping turtle (D)
  3 hydras (D)
  3 centaur warriors (D)
  8 two-headed ogres (D)
  A shambling mangrove (D)
  3 ogre magi (D)
  A merfolk aquamancer (D)
  A naga sharpshooter (D)
  2 tengu warriors (D)
  A vampire mage (D)
  A deep troll shaman (D)
  Sonja (D)
  A spriggan (D)
  A sea snake (D)
  A naga ritualist (D)
  A salamander mystic (D)
  A deep elf archer (D)
  2 wizards (D)
  3 orc knights (D)
  An orb spider (D)
  4 ugly things (D)
  A deep elf mage (D)
  2 cyclopes (D)
  A wolf spider (D)
  A manticore (D)
  2 guardian serpents (D)
  An elephant (D)
  Psyche (D)
  2 naga magi (D)
  2 cane toads (D)
  A rime drake (D)
  A yaktaur (D)
  A komodo dragon (D)
  A tengu conjurer (D)
  2 freezing wraiths (D)
  A troll (shapeshifter) (D)
  3 merfolk (D)
  6 hornets (D)
  8 polar bears (D)
  A snapping turtle (D)
  A hippogriff (D)
  3 slime creatures (D)
  2 blink frogs (D)
  A water elemental (D)
  3 redbacks (D)
  3 yaks (D)
  A tarantella (D)
  Grum (D)
  A vampire mosquito (D)
  A soldier ant (D)
  3 water moccasins (D)
  7 orc warriors (D)
  A swamp drake (D)
  A black bear (D)
  A sky beast (D)
  3 ogres (D)
  4 wolves (D)
  A centaur (D)
  4 crocodiles (D)
  3 bullfrogs (D)
  A wight (D)
  A howler monkey (D)
  5 orc priests (D)
  5 orc wizards (D)
  2 iguanas (D)
  A worker ant (D)
  An adder (D)
  A leopard gecko (D)
  8 orcs (D)
  A ball python (D)
  A giant cockroach (D)
  A goblin (D)
  A kobold (D)
  A quokka (D)
  A bat (D)
188 creatures vanquished.

Vanquished Creatures (others)
  A vampire mosquito (D)
1 creature vanquished.

Grand Total: 189 creatures vanquished

Notes
Turn   | Place    | Note
-------+----------+-------------------------------------------
     0 | D        | mhtbhm the Troll Berserker began the quest for the Orb.
     0 | D        | Reached XP level 1. HP: 22/22 MP: 0/0
    13 | D        | Reached ** piety under Trog
    57 | D        | Noticed a howler monkey
    57 | D        | Noticed an iguana
    61 | D        | Killed an iguana
    61 | D        | Reached skill level 4 in Unarmed Combat
    61 | D        | Reached XP level 2. HP: 32/32 MP: 1/1
    61 | D        | Reached XP level 3. HP: 39/39 MP: 2/2
    63 | D        | Reached *** piety under Trog
    63 | D        | Reached skill level 5 in Unarmed Combat
    63 | D        | Reached XP level 4. HP: 49/49 MP: 3/3
    99 | D        | Found a roughly hewn altar of Beogh.
    99 | D        | Found a snail-covered altar of Cheibriados.
    99 | D        | Found a shadowy altar of Dithmenos.
    99 | D        | Found a white marble altar of Elyvilon.
    99 | D        | Found a blossoming altar of Fedhas.
    99 | D        | Found an opulent altar of Gozag.
   100 | D        | Found a hazy altar of Hepliaklqana.
   101 | D        | Found a viscous altar of Jiyva.
   102 | D        | Found an ancient bone altar of Kikubaaqudgha.
   103 | D        | Found a corrupted altar of Lugonu.
   104 | D        | Found a burning altar of Makhleb.
   105 | D        | Found a sparkling altar of Nemelex Xobeh.
   106 | D        | Found an iron altar of Okawaru.
   107 | D        | Found a stormy altar of Qazlal.
   108 | D        | Found a sacrificial altar of Ru.
   109 | D        | Found a shimmering blue altar of Sif Muna.
   110 | D        | Found a bloodstained altar of Trog.
   111 | D        | Found a hide-covered altar of Uskayaw.
   112 | D        | Found a radiant altar of Vehumet.
   113 | D        | Found an ornate altar of the Wu Jian Council.
   114 | D        | Found a shimmering altar of Xom.
   115 | D        | Found a basalt altar of Yredelemnul.
   116 | D        | Found a glowing silver altar of Zin.
   117 | D        | Found a glowing golden altar of the Shining One.
   141 | D        | Noticed a black bear
   141 | D        | Noticed a bullfrog
   141 | D        | Noticed a yak
   143 | D        | Reached **** piety under Trog
   143 | D        | Reached skill level 6 in Unarmed Combat
   147 | D        | Killed a yak
   147 | D        | Reached skill level 8 in Unarmed Combat
   147 | D        | Reached XP level 5. HP: 59/59 MP: 4/4
   149 | D        | Reached XP level 6. HP: 68/68 MP: 5/5
   151 | D        | Reached skill level 9 in Unarmed Combat
   155 | D        | Reached ***** piety under Trog
   217 | D        | Noticed a soldier ant
   217 | D        | Noticed a cyclops
   217 | D        | Noticed a green ugly thing
   217 | D        | Noticed a sky beast
   224 | D        | Killed a green ugly thing
   224 | D        | Reached skill level 11 in Unarmed Combat
   224 | D        | Reached XP level 7. HP: 75/80 MP: 6/6
   232 | D        | Killed a cyclops
   232 | D        | Reached skill level 1 in Stealth
   232 | D        | Reached skill level 12 in Unarmed Combat
   232 | D        | Reached XP level 8. HP: 72/89 MP: 7/7
   435 | D        | Noticed a cane toad
   435 | D        | Noticed a rime drake
   435 | D        | Noticed a hippogriff
   435 | D        | Noticed a komodo dragon
   436 | D        | Noticed an eight-headed hydra
   441 | D        | Killed a komodo dragon
   444 | D        | Killed a hippogriff
   444 | D        | Reached ****** piety under Trog
   444 | D        | Reached skill level 13 in Unarmed Combat
   449 | D        | Killed an 11-headed hydra
   449 | D        | Received a gift from Trog
   449 | D        | Reached skill level 14 in Unarmed Combat
   449 | D        | Reached XP level 9. HP: 51/98 MP: 8/8
   640 | D        | Killed a rime drake
   646 | D        | Killed a cane toad
   648 | D        | Reached skill level 15 in Unarmed Combat
   690 | D        | Noticed an elephant
   705 | D        | Received a gift from Trog
   708 | D        | Killed an elephant
   708 | D        | Reached XP level 10. HP: 109/109 MP: 9/9
   713 | D        | Reached skill level 10 in Dodging
   713 | D        | Reached skill level 16 in Unarmed Combat
   776 | D        | Received a gift from Trog
   782 | D        | Reached skill level 5 in Stealth
   782 | D        | Reached skill level 17 in Unarmed Combat
   878 | D        | Noticed Erolcha
   889 | D        | Killed Erolcha
   889 | D        | Reached skill level 10 in Fighting
   981 | D        | Noticed Sonja
  1006 | D        | Killed Sonja
  1006 | D        | Reached skill level 18 in Unarmed Combat
  1113 | D        | Received a gift from Trog
  1124 | D        | Reached XP level 11. HP: 117/117 MP: 10/10
  1128 | D        | Received a gift from Trog
  1186 | D        | Noticed an orc knight
  1186 | D        | Noticed an orc knight
  1188 | D        | Killed an orc knight
  1188 | D        | Received a gift from Trog
  1201 | D        | Killed an orc knight
  1216 | D        | Received a gift from Trog
  1274 | D        | Found Eraoh's Jewellery Boutique.
  1274 | D        | Noticed a two-headed ogre
  1274 | D        | Noticed a two-headed ogre
  1274 | D        | Noticed a two-headed ogre
  1276 | D        | Killed a two-headed ogre
  1276 | D        | Reached skill level 19 in Unarmed Combat
  1276 | D        | Noticed a two-headed ogre
  1278 | D        | Noticed a two-headed ogre
  1280 | D        | Killed a two-headed ogre
  1281 | D        | Found Nucaforo's Book Shop.
  1282 | D        | Noticed a two-headed ogre
  1284 | D        | Killed a two-headed ogre
  1292 | D        | Killed a two-headed ogre
  1292 | D        | Reached skill level 20 in Unarmed Combat
  1294 | D        | Found Vogabi Zoops's Jewellery Boutique.
  1294 | D        | Noticed an ogre mage
  1297 | D        | Killed a two-headed ogre
  1301 | D        | Killed a two-headed ogre
  1301 | D        | Received a gift from Trog
  1302 | D        | Found Nautu's Gadget Shop.
  1307 | D        | Killed an ogre mage
  1342 | D        | Noticed an ogre mage
  1344 | D        | Noticed a two-headed ogre
  1344 | D        | Noticed a two-headed ogre
  1352 | D        | Killed an ogre mage
  1352 | D        | Reached skill level 21 in Unarmed Combat
  1358 | D        | Killed a two-headed ogre
  1358 | D        | Received a gift from Trog
  1361 | D        | Killed a two-headed ogre
  1361 | D        | Reached XP level 12. HP: 89/128 MP: 11/11
  1418 | D        | Bought an uncursed amulet of regeneration for 420 gold
                  | pieces
  1422 | D        | Bought a +6 ring of strength for 585 gold pieces
  1432 | D        | Bought a lightning rod (4/4) for 560 gold pieces
  1432 | D        | Bought a condenser vane (2/2) for 280 gold pieces
  1530 | D        | Found the +0 sword of Power
  1549 | D        | Found the +2 shield of Resistance {rF++ rC++ MR++}
  1617 | D        | Noticed a six-headed hydra
  1627 | D        | Killed a nine-headed hydra
  1627 | D        | Reached skill level 22 in Unarmed Combat
  1628 | D        | Noticed a tengu warrior
  1630 | D        | Received a gift from Trog
  1632 | D        | Noticed a fire dragon
  1634 | D        | Noticed a fire giant
  1635 | D        | Noticed a centaur warrior
  1641 | D        | Noticed a rakshasa
  1644 | D        | Killed a tengu warrior
  1644 | D        | Reached skill level 1 in Armour
  1645 | D        | Noticed a white very ugly thing
  1647 | D        | Noticed a deep troll shaman
  1648 | D        | Killed a fire dragon
  1657 | D        | Killed a fire giant
  1657 | D        | Reached skill level 23 in Unarmed Combat
  1660 | D        | Killed a centaur warrior
  1660 | D        | Received a gift from Trog
  1669 | D        | Killed a white very ugly thing
  1683 | D        | Killed a rakshasa
  1683 | D        | Reached skill level 1 in Throwing
  1686 | D        | Killed a deep troll shaman
  1826 | D        | Noticed Frances
  1831 | D        | Killed Frances
  1831 | D        | Reached skill level 24 in Unarmed Combat
  1845 | D        | Noticed Psyche
  1850 | D        | Killed Psyche
  1850 | D        | Received a gift from Trog
  1936 | D        | Noticed an eight-headed hydra
  1937 | D        | Noticed a shambling mangrove
  1942 | D        | Killed a nine-headed hydra
  1942 | D        | Reached XP level 13. HP: 137/137 MP: 12/12
  1960 | D        | Received a gift from Trog
  2022 | D        | Noticed a nagaraja
  2028 | D        | Received a gift from Trog
  2035 | D        | Killed a nagaraja
  2035 | D        | Received a gift from Trog
  2035 | D        | Reached skill level 25 in Unarmed Combat
  2050 | D        | Received a gift from Trog
  2100 | D        | Reached skill level 1 in Maces & Flails
  2107 | D        | Reached skill level 5 in Armour
  2116 | D        | Received a gift from Trog
  2238 | D        | Noticed an entropy weaver
  2242 | D        | Reached skill level 1 in Evocations
  2244 | D        | Killed an entropy weaver
  2244 | D        | Received a gift from Trog
  2253 | D        | Killed a ghost moth
  2253 | D        | Reached skill level 5 in Maces & Flails
  2264 | D        | Got a twisted dire flail {god gift}
  2265 | D        | Identified the +10 dire flail of Wondrous Power {flame,
                  | MR++} (Trog gifted it to you in the Dungeon)
  2383 | D        | Noticed Aizul
  2390 | D        | Killed Aizul
  2515 | D        | Noticed Grum
  2519 | D        | Killed Grum
  2537 | D        | Received a gift from Trog
  2553 | D        | Noticed a storm dragon
  2553 | D        | Noticed a fire dragon
  2553 | D        | Noticed a brown very ugly thing
  2559 | D        | Killed a fire dragon
  2559 | D        | Killed a brown very ugly thing
  2566 | D        | Killed a storm dragon
  2566 | D        | Reached XP level 14. HP: 149/149 MP: 13/13
  2582 | D        | Received a gift from Trog
  2606 | D        | Noticed a frost giant
  2615 | D        | Killed a frost giant
  2615 | D        | Reached skill level 5 in Throwing
  2615 | D        | Reached skill level 10 in Armour
  2615 | D        | Reached skill level 5 in Evocations
  2622 | D        | Received a gift from Trog
  2671 | D        | Noticed a vault warden
  2676 | D        | Killed a vault warden
  2676 | D        | Reached skill level 10 in Maces & Flails
  2677 | D        | Received a gift from Trog
  2713 | D        | Noticed a stone giant
  2720 | D        | Killed a stone giant
  2720 | D        | Received a gift from Trog
  2774 | D        | Noticed a vault warden
  2775 | D        | Noticed an ironheart preserver
  2780 | D        | Noticed a stone giant
  2786 | D        | Killed a vault warden
  2789 | D        | Killed an ironheart preserver
  2790 | D        | Killed a stone giant
  2790 | D        | Received a gift from Trog
  2796 | D        | Noticed a stone giant
  2809 | D        | Killed a stone giant
  2951 | D        | Noticed Jory
  2959 | D        | HP: 2/150 [Jory/crystal spear (87)]
  2960 | D        | Annihilated by Jory

Illustrated notes

Levels and vault maps discovered:
D:        linesprint [early_d, line_temple, items_1, d_10, items_2, lair_1,
          lair_end, items_3, orc_1, orc_end, items_4, d_15, swamp_1, shoals_1,
          snake_1, spider_1, d_20, vaults_1, items_5, swamp_end, shoals_end,
          snake_end, spider_end, vaults_end, d_27, items_6, zot_1, zot_end,
          crypt_end, forest_end, elf_end, slime_end, tomb_end, abyss_end,
          pan_hell_end]

Skill      XL: |  1  2  3  4  5  6  7  8  9 10 11 12 13 14 |
---------------+-------------------------------------------+-----
Fighting       | 3 4 6 8 9 10 11 12 | 12.9
Dodging        | 3 4 6 7 8 9 10 11 12 13 | 13.5
Unarmed Combat | 4 5 8 11 12 14 15 18 21 24 25 | 25.4
Stealth        | 1 3 4 5 |  5.9
Armour         | 3 8 12 | 12.0
Throwing       | 1 4 6 |  6.8
Maces & Flails | 7 11 | 11.6
Evocations     | 3 8 |  8.6

Action                   |  1- 3 |  4- 6 |  7- 9 | 10-12 | 13-15 || total
-------------------------+-------+-------+-------+-------+-------++-------
Melee: Unarmed           |    20 |    29 |    50 |   179 |   126 ||   404
       Punch             |     1 |     2 |     1 |    18 |    13 ||    35
Throw: Large rock        |       |       |     1 |     2 |    14 ||    17
       Dart              |       |       |       |       |     3 ||     3
Invok: Berserk           |     2 |     2 |     3 |     7 |     3 ||    17
       Brothers in Arms  |       |       |       |       |     1 ||     1
Evoke: Lightning rod     |       |       |       |       |    22 ||    22
       Condenser vane    |       |       |       |       |    10 ||    10
  Use: Potion            |       |     1 |       |     1 |       ||     2
 Stab: Invisible         |       |       |     5 |       |       ||     5
Armor: Animal skin       |     8 |     3 |     5 |     1 |       ||    17
       Robe              |       |       |       |     3 |       ||     3
       Ice dragon scales |       |       |       |    14 |    49 ||    63
Dodge: Dodged            |     6 |    14 |    17 |    72 |    65 ||   174

Table legend: (Time is in decaauts)
 A = Elapsed time spent in this place.
 B = Non-inter-level travel time spent in this place.
 C = Inter-level travel time spent in this place.
 D = Time resting spent in this place.
 E = Time spent auto-exploring this place.
 F = Levels seen in this place.
 G = Mean time per level.
                   A        B        C        D        E       F      G
               +--------+--------+--------+--------+--------+-----+--------+
         Total |   2954 |   2954 |      0 |    868 |    402 |   1 | 2954.0 |
       Dungeon |   2954 |   2954 |      0 |    868 |    402 |   1 | 2954.0 |
               +--------+--------+--------+--------+--------+-----+--------+

Top non-repeatable levels by time:
       D: 2954 daAuts
